 Dungeon Crawl Stone Soup version 0.29.1-1-gd02db6906a (webtiles) character file.

Game seed: 2192500878995326132

429 warriortoast the Conjurer (level 6, -2/32 HPs)
             Began as a Deep Elf Conjurer on Oct 18, 2022.
             Was an Initiate of Vehumet.
             Slain by Blork the orc
             ... wielding a +0 glaive
              (13 damage)
             ... on level 4 of the Dungeon.
             The game lasted 00:11:44 (4254 turns).

warriortoast the Conjurer (Deep Elf Conjurer)       Turns: 4254, Time: 00:11:45

Health: -2/32      AC:  8    Str:  4    XL:     6   Next: 66%
Magic:  4/17       EV: 13    Int: 28    God:    Vehumet [......]
Gold:   210        SH:  0    Dex: 19    Spells: 5/17 levels left

rFire   . . .      SeeInvis .   q - +2 falchion (holy)
rCold   . . .      Faith    .   (no shield)
rNeg    . . .      Spirit   .   a - +0 robe
rPois   .          Reflect  .   r - +1 helmet {Int+3}
rElec   .          Harm     .   (no cloak)
rCorr   .          Rampage  .   (no gloves)
Will    .....                   (no boots)
Stlth   ++........              (no amulet)
HPRegen 0.10/turn               c - +6 ring of dexterity
MPRegen 0.15/turn               h - +4 ring of protection

@: no status effects
A: no striking features
a: Renounce Religion


You were on level 4 of the Dungeon.
You worshipped Vehumet.
Vehumet was noncommittal.
You visited 2 branches of the dungeon, and saw 6 of its levels.

You collected 210 gold pieces.

Inventory:

Hand Weapons
 g - a +0 short sword
 q - a +2 falchion of holy wrath (weapon)
Missiles
 u - 2 throwing nets
Armour
 a - a +0 robe (worn)
 l - a +0 buckler
 r - a +1 helmet of intelligence (worn)
 s - the +0 pair of boots "Botzus" {rN++ rCorr Dex-5 SInv}
   (You found it on level 4 of the Dungeon)

   Dex:       It affects your dexterity (-5).
   rN:        It greatly protects you from negative energy.
   SInv:      It lets you see invisible.
   rCorr:     It protects you from acid and corrosion.
Jewellery
 c - a +6 ring of dexterity (left hand)
 h - a +4 ring of protection (right hand)
 i - a ring of resist corrosion
Wands
 p - a wand of charming (5)
Scrolls
 e - 4 scrolls of enchant armour {unknown}
 f - 2 scrolls of fog {unknown}
 j - 5 scrolls of identify {unknown}
 k - a scroll of vulnerability {unknown}
 n - a scroll of fear {unknown}
 o - 2 scrolls of teleportation {unknown}
 t - a scroll of acquirement {unknown}
Potions
 b - a potion of magic
 d - a potion of flight {unknown}
 m - a potion of resistance {unknown}
 v - a potion of brilliance {unknown}


   Skills:
 - Level 2.4 Dodging
 - Level 2.4 Stealth
 + Level 6.2 Spellcasting
 + Level 6.3 Conjurations
 + Level 4.5 Hexes


You had 5 spell levels left.
You knew the following spells:

 Your Spells              Type           Power      Damage    Failure   Level
a - Magic Dart            Conj           100%       1d8       1%          1
b - Dazzling Flash        Conj/Hex       78%        N/A       1%          3
c - Fulminant Prism       Conj/Hex       19%        3d11      6%          4
d - Iskenderun's Mystic   Conj/Tloc      26%        2d7       16%         4

Your spell library contained the following spells:

 Spells                   Type           Power      Damage    Failure   Level
 Searing Ray              Conj           88%        2d7       1%          2
 Freeze                   Ice            32%        1d5       6%          1
 Hailstorm                Conj/Ice       26%        3d7       16%         4
 Frozen Ramparts          Ice            16%        1d3       19%         3


Dungeon Overview and Level Annotations

Branches:
Dungeon (5/15)             Temple (1/1) D:5

Altars:
Ashenzari
Cheibriados
Dithmenos
Elyvilon
Fedhas
Gozag
Hepliaklqana
Kikubaaqudgha
Makhleb
Nemelex Xobeh
Okawaru
Qazlal
Ru
Sif Muna
Trog
Uskayaw
Vehumet
Xom
Yredelemnul
Zin
The Shining One

Annotations:
D:4 Blork the orc
D:5 Prince Ribbit


Message History

The magic dart hits Blork the orc!
Blork the orc is heavily wounded.
Blork the orc casts a cantrip, but nothing happens.
The magic dart hits Blork the orc but does no damage.
Blork the orc is heavily wounded.
The magic dart hits Blork the orc.
Blork the orc is heavily wounded.
Blork the orc screams, "Die!"
The magic dart hits Blork the orc.
Blork the orc is heavily wounded.
The magic dart hits Blork the orc but does no damage.
Blork the orc is heavily wounded.
Blork the orc gestures wildly while chanting.
Blork the orc seems to speed up.
The magic dart hits Blork the orc.
Blork the orc is heavily wounded.
Blork the orc hits you from afar with a +0 glaive!
You are too injured to fight recklessly!
You are too injured to fight recklessly!
You are too injured to fight recklessly!
You are too injured to fight recklessly!
Unknown command.
Casting: Magic Dart (safe; 1% risk of failure)
Confirm with . or Enter, or press ? or * to list all spells.
Aiming: Magic Dart (safe; 1% risk of failure)
Press: ? - help, Shift-Dir - straight line, f/p - Blork the orc
Aim: Blork the orc, wielding a +0 glaive and wearing a +0 robe (heavily wounded, fast, 100% to hit)
The magic dart hits Blork the orc.
Blork the orc is severely wounded.
Blork the orc closely misses you.
Casting: Magic Dart (safe; 1% risk of failure)
Confirm with . or Enter, or press ? or * to list all spells.
Aiming: Magic Dart (safe; 1% risk of failure)
Press: ? - help, Shift-Dir - straight line, f/p - Blork the orc
Aim: Blork the orc, wielding a +0 glaive and wearing a +0 robe (severely wounded, fast, 100% to hit)
The magic dart hits Blork the orc.
Blork the orc is severely wounded.
Blork the orc looks satisfied for a moment.
Blork the orc hits you from afar with a +0 glaive!
You die...

....#..##.#.###...........
..).........####..........
..........#..###.........#
.......)..#..#..........#.
..####....##......#.......
#....#.#.#......##..#...
#..###..........#..###..
......##.##........#.#....
.......o.@###.....##......
#......##.###.....#...#...
#.................##.####.
............###.#....##..
..#..........#...........
# ##.......>.#.........#.
.........)#........##.
........#..#......####<
......##.............


You could see Blork the orc (fast).

Vanquished Creatures
  A scorpion (D:4)
  2 hounds
  An orc priest (D:3)
  2 gnoll boudas
  An orc wizard (D:3)
  Robin (D:4)
  8 gnolls
  4 adders
  A worm (D:3)
  2 dart slugs
  An orc (D:3)
  4 ball pythons
  3 bats
  8 endoplasms
  2 giant cockroaches
  14 goblins
  6 hobgoblins
  6 jackals
  3 quokkas
  4 frilled lizards
  5 kobolds
  4 rats
83 creatures vanquished.

Notes
Turn   | Place    | Note
-------+----------+-------------------------------------------
     0 | D:1      | warriortoast the Deep Elf Conjurer began the quest for the
                  | Orb.
     0 | D:1      | Reached XP level 1. HP: 10/10 MP: 6/6
   161 | D:1      | Reached XP level 2. HP: 15/15 MP: 2/8
  1034 | D:2      | Reached skill level 5 in Conjurations
  1081 | D:2      | Reached XP level 3. HP: 19/19 MP: 7/10
  1085 | D:2      | Learned a level 3 spell: Dazzling Flash
  1271 | D:2      | Reached skill level 1 in Hexes
  1696 | D:3      | Reached XP level 4. HP: 24/24 MP: 6/12
  2115 | D:3      | Reached skill level 5 in Spellcasting
  2115 | D:3      | Reached XP level 5. HP: 27/28 MP: 9/14
  2635 | D:4      | Noticed Robin
  2654 | D:4      | Killed Robin
  2837 | D:4      | Identified the +0 pair of boots "Botzus" {rN++ rCorr Dex-5
                  | SInv}
  3142 | D:4      | Noticed Blork the orc
  3187 | D:5      | Entered Level 5 of the Dungeon
  3204 | D:5      | Found a staircase to the Ecumenical Temple.
  3213 | Temple   | Entered the Ecumenical Temple
  3217 | Temple   | Reached XP level 6. HP: 24/32 MP: 8/16
  3221 | Temple   | Became a worshipper of Vehumet
  3683 | Temple   | Learned a level 4 spell: Fulminant Prism
  3688 | Temple   | Learned a level 4 spell: Iskenderun's Mystic Blast
  4201 | D:5      | Noticed Prince Ribbit
  4254 | D:4      | Slain by Blork the orc

Illustrated notes

Levels and vault maps discovered:
D:1:      giann_bridges, layout_basic
D:2:      layout_basic
D:3:      layout_basic, serial_bayou_pond_d, roderic_lattice_a
D:4:      layout_cave_pools, uniq_blork_the_orc, uniq_robin
D:5:      layout_basic, minmay_temple_entry_statues,
          nicolae_concentric_dashed_squares_wild, uniq_duvessa, uniq_sigmund,
          uniq_edmund, uniq_prince_ribbit1
Temple:   grunt_wide_crystal_templ

Skill      XL: |  1  2  3  4  5  6 |
---------------+-------------------+-----
Spellcasting   | 4 5 6 |  6.2
Conjurations   | 5 6 |  6.3
Hexes          | 1 2 3 4 |  4.5
Dodging        | |  2.4
Stealth        | |  2.4

Action                   |  1- 3 |  4- 6 || total
-------------------------+-------+-------++-------
Melee: Short sword       |       |     2 ||     2
       Falchion          |       |     1 ||     1
       Punch             |       |     1 ||     1
 Cast: Magic Dart        |    80 |   146 ||   226
Armor: Robe              |     2 |    10 ||    12
Dodge: Dodged            |    22 |    41 ||    63
